 Dungeon Crawl Stone Soup version 0.17.1-1-g73c8601 (webtiles) character file.

501 Implojin the Grappler (level 6, -4/88 HPs)
             Began as a Troll Berserker on Apr 9, 2016.
             Was a Believer of Trog.
             Slain by Erica
             ... wielding a +4 scimitar of flaming
              (13 damage)
             ... on level 8 of the Dungeon.
             The game lasted 00:05:02 (691 turns).

Implojin the Grappler (Troll Berserker)              Turns: 691, Time: 00:05:02

Health: -4/88      AC:  5    Str: 31    XL:     6   Next: 95%
Magic:  5/5        EV: 11    Int:  3    God:    Trog [**....]
Gold:   29         SH:  0    Dex: 16    Spells: 0 memorised, 5 levels left

rFire  . . .     SeeInvis .       - Unarmed
rCold  + . .     Clarity  +     a - +0 animal skin
rNeg   . . .     SustAt   .     (no shield)
rPois  .         Gourm    +     (helmet restricted)
rElec  .         Spirit   .     (no cloak)
rCorr  .         Warding  .     (gloves unavailable)
rMut   .         Stasis   .     (boots unavailable)
MR     +....                    i - amulet of clarity
Stlth  ..........               e - ring of loudness (curse)
                                l - ring "Ofuanom" {rC+ MR+ Dex+5}

@: berserking (expiring), slowed, somewhat resistant to hostile enchantments,
extremely unstealthy
A: unfitting armour, claws 3, fast metabolism 3, gourmand, regeneration 2,
shaggy fur 1, tough skin 2
a: Berserk, Trog's Hand, Burn Spellbooks, Renounce Religion


You were on level 8 of the Dungeon.
You worshipped Trog.
Trog was pleased with you.
You were very full.

You visited 1 branch of the dungeon, and saw 8 of its levels.

You collected 29 gold pieces.

Inventory:

Armour
 a - a +0 animal skin (worn)
Jewellery
 e - a cursed ring of loudness (right claw)
 i - an amulet of clarity (around neck)
 l - the ring "Ofuanom" (left claw) {rC+ MR+ Dex+5}
   (You found it on level 6 of the Dungeon)

   [ring of dexterity]

   It affects your dexterity (+5).
   It protects you from cold.
   It affects your resistance to hostile enchantments.
Wands
 m - a wand of lightning (5)
Scrolls
 g - a scroll of blinking {unknown}
 h - a scroll of immolation {unknown}
 k - a scroll of remove curse {unknown}
 o - a scroll of random uselessness {unknown}
Potions
 f - a potion of heal wounds
 n - a potion of flight {unknown}
Comestibles
 b - 3 bread rations
 c - a beef jerky
 d - a slice of pizza
 j - 5 chunks of flesh


   Skills:
 - Level 2.4 Fighting
 - Level 2.4 Dodging
 * Level 8.0 Unarmed Combat


You had 5 spell levels left.
You didn't know any spells.

Dungeon Overview and Level Annotations

Branches:
Dungeon (8/15)
 Temple: D:4-7         Lair: D:8-11

Altars:
Makhleb
Zin

Annotations:
D:4 exclusion: downstairs
D:6 exclusion: upstairs
D:8 Erica


Innate Abilities, Weirdness & Mutations

You are too large for most types of armour.
You have claws for hands.
Your metabolism is lightning-fast.
You like to eat raw meat.
You heal very quickly.
You are covered in fur (AC +1).
You have very tough skin (AC +2).


Message History

You feel yourself moving faster!
You feel mighty!
You feel somewhat less full. The centaur barely misses you.
You feel a strong urge to attack something.
An ogre comes into view. It is wielding a giant club.
The centaur closely misses you.
The centaur unwields an uncursed shortbow.
The centaur hits you.
* * * LOW HITPOINT WARNING * * *
Erica says, "I'm so much better than you."
Erica mumbles some strange words.
Erica flickers and vanishes!
Deactivating autopickup; reactivate with Ctrl-A.
The centaur hits you.
* * * LOW HITPOINT WARNING * * *
You barely miss something. The centaur hits you.
* * * LOW HITPOINT WARNING * * *
The centaur hits you.
* * * LOW HITPOINT WARNING * * *
Something hits you!
* * * LOW HITPOINT WARNING * * *
Something burns you.
* * * LOW HITPOINT WARNING * * *
The centaur hits you but does no damage.
You mangle something!! You claw something!! The centaur hits you.
* * * LOW HITPOINT WARNING * * *
The centaur closely misses you.
Unknown command.
Unknown command.
Unknown command.
You closely miss something. The centaur barely misses you. Something hits you!
* * * LOW HITPOINT WARNING * * *
Something burns you.
* * * LOW HITPOINT WARNING * * *
The centaur closely misses you.
You claw something! You claw something.
The centaur hits you but does no damage.
The centaur hits you.
* * * LOW HITPOINT WARNING * * *
Something hits you!
You die...

.. ##.# .
##.. .. ##..#
...## #...##
....##.(..#
#O....((#
###.c.(.#
##@####
#.{c###
##.....##
#.......#
##.....#?.#
#.......#...
##...........
#...........#
#...........


You could see an ogre and 2 centaurs.

Vanquished Creatures
  The ghost of adamhnan the Firebug, an amateur OpFE (D:3)
  A centaur (D:6)
  A giant frog (D:6)
  A jelly (D:5)
  2 hounds (D:4)
  An iguana (D:4)
  An orc wizard (D:3)
  3 adders
  4 gnolls (D:6)
  An ooze (D:4)
  2 adder skeletons
  A worm (D:3)
  4 orcs (D:3)
  A bat (D:3)
  A goblin (D:3)
  A hobgoblin (D:4)
  2 giant geckos
  A giant newt (D:4)
  2 kobolds (D:1)
  3 rats
34 creatures vanquished.

Notes
Turn   | Place    | Note
--------------------------------------------------------------
     0 | D:1      | Implojin the Troll Berserker began the quest for the Orb.
     0 | D:1      | Reached XP level 1. HP: 22/22 MP: 0/0
   146 | D:3      | Noticed an orc wizard
   166 | D:3      | Reached XP level 2. HP: 27/29 MP: 1/1
   188 | D:3      | Killed an orc wizard
   188 | D:3      | Reached skill level 4 in Unarmed Combat
   188 | D:3      | Reached XP level 3. HP: 8/36 MP: 2/2
   197 | D:3      | HP: 2/54 [giant gecko (1)]
   226 | D:3      | Noticed adamhnan's ghost (amateur OpFE)
   230 | D:3      | HP: 1/36 [adamhnan's ghost/flame tongue (12)]
   248 | D:3      | Killed adamhnan's ghost
   248 | D:3      | Reached skill level 5 in Unarmed Combat
   248 | D:3      | Reached XP level 4. HP: 4/44 MP: 3/3
   248 | D:3      | Reached XP level 5. HP: 4/50 MP: 4/4
   406 | D:4      | Reached skill level 6 in Unarmed Combat
   423 | D:5      | Entered Level 5 of the Dungeon
   427 | D:6      | Found a glowing silver altar of Zin.
   427 | D:6      | Noticed a centaur
   435 | D:6      | Killed a centaur
   435 | D:6      | Reached XP level 6. HP: 48/59 MP: 5/5
   474 | D:4      | Found a burning altar of Makhleb.
   476 | D:4      | Reached skill level 7 in Unarmed Combat
   503 | D:4      | Reached ** piety under Trog
   615 | D:6      | Got a warped iron ring
   616 | D:6      | Identified the ring "Ofuanom" {rC+ MR+ Dex+5} (You found it on level 6 of the Dungeon)
   637 | D:6      | Reached skill level 8 in Unarmed Combat
   675 | D:8      | Noticed Erica
   691 | D:8      | Slain by Erica

Action                   |  1- 3 |  4- 6 || total
-------------------------+-------+-------++-------
Melee: Unarmed           |    53 |    52 ||   105
Invok: Berserk           |     2 |     2 ||     4
  Use: Potion            |       |     1 ||     1
  Eat: Chunk             |     7 |     7 ||    14

Table legend:
 A = Turns spent in this place as a percentage of turns spent in the entire game.
 B = Non-inter-level travel turns spent in this place as a percentage of non-inter-level travel turns spent in the entire game.
 C = Inter-level travel turns spent in this place as a percentage of turns spent in this place.
 D = Turns resting spent in this place as a percentage of non-inter-level travel turns spent in this place.
 E = Turns spent auto-exploring this place as a percentage of non-inter-level travel turns spent in this place.
 F = Non-inter-level travel turns spent in this place divided by the number of levels of this place that you've seen.
                   A       B       C       D       E      F
               +-------+-------+-------+-------+-------+----------------------
         Total | 100.0 | 100.0 |   0.0 |   0.0 |   0.0 |  83.4
       Dungeon | 100.0 | 100.0 |   0.0 |   0.0 |   0.0 |  83.4
               +-------+-------+-------+-------+-------+----------------------

Table legend:
 A = Kills in this place as a percentage of kills in entire the game.
 B = Kills by you in this place as a percentage of kills by you in the entire game.
 C = Kills by friends in this place as a percentage of kills by friends in the entire game.
 D = Other kills in this place as a percentage of other kills in the entire game.
 E = Experience gained in this place as a percentage of experience gained in the entire game.
 F = Experience gained in this place divided by the number of levels of this place that you have seen.
                   A       B       C       D       E      F
               +-------+-------+-------+-------+-------+----------------------
         Total | 100.0 | 100.0 |  -nan |  -nan | 100.0 |  89.6
       Dungeon | 100.0 | 100.0 |  -nan |  -nan | 100.0 |  89.6
               +-------+-------+-------+-------+-------+----------------------
